 Dungeon Crawl Stone Soup version 0.27-a0-531-gb72ec1a1b6 (webtiles) character file.

Game seed: 2500221732582756997

16 dolemite99 the Caller (level 2, 0/20 HPs)
             Began as a Gnoll Summoner on Mar 6, 2021.
             Succumbed to a kobold's poison
             ... on level 1 of the Dungeon.
             The game lasted 00:01:11 (2382 turns).

dolemite99 the Caller (Gnoll Summoner)              Turns: 2382, Time: 00:01:12

Health: 0/20       AC:  2    Str:  7    XL:     2   Next: 54%
Magic:  2/7        EV: 13    Int: 14    God:
Gold:   104        SH:  0    Dex: 12    Spells: 7/10 levels left

rFire    . . .     SeeInvis .   k - +0 short sword
rCold    . . .     Faith    .   (no shield)
rNeg     . . .     Spirit   .   a - +0 robe
rPois    .         Reflect  .   (no helmet)
rElec    .         Harm     .   (no cloak)
rCorr    .         Rampage  .   (no gloves)
Will     .....                  (no boots)
Stlth    ++........             (no amulet)
HPRegen  0.06/turn              (no ring)
MPRegen  0.10/turn              (no ring)

@: lethally poisoned (0 -> -26)
A: fangs 1, strong nose, distributed training
a: no special abilities


You were on level 1 of the Dungeon.
You visited 1 branch of the dungeon, and saw 1 of its levels.

You collected 104 gold pieces.

Inventory:

Hand Weapons
 h - a +0 whip
 k - a +0 short sword (weapon)
Missiles
 e - 31 arrows
 l - 14 stones
Armour
 a - a +0 robe (worn)
Scrolls
 b - 2 scrolls of identify {unknown}
 d - a scroll of immolation {unknown}
 g - a scroll of teleportation {unknown}
 i - 3 scrolls of enchant armour {unknown}
 j - a scroll of amnesia {unknown}
Potions
 c - a potion of lignification {unknown}
 f - a potion of might {unknown}


   Skills:
 + Level 0.4 Fighting
 + Level 0.4 Short Blades
 + Level 0.4 Long Blades
 + Level 0.4 Axes
 + Level 0.4 Maces & Flails
 + Level 0.4 Polearms
 + Level 0.4 Staves
 + Level 0.4 Slings
 + Level 0.4 Bows
 + Level 0.4 Crossbows
 + Level 0.4 Throwing
 + Level 0.4 Armour
 + Level 4.5 Dodging
 + Level 4.1 Stealth
 + Level 0.4 Shields
 + Level 0.4 Unarmed Combat
 + Level 4.9 Spellcasting
 + Level 0.2 Conjurations
 + Level 0.2 Hexes
 + Level 7.0 Summonings
 + Level 0.2 Necromancy
 + Level 0.2 Translocations
 + Level 0.2 Transmutations
 + Level 0.2 Fire Magic
 + Level 0.2 Ice Magic
 + Level 0.2 Air Magic
 + Level 0.2 Earth Magic
 + Level 0.2 Poison Magic
 + Level 0.5 Invocations
 + Level 0.4 Evocations


You had 7 spell levels left.
You knew the following spells:

 Your Spells              Type           Power      Damage    Failure   Level
a - Summon Small Mammal   Summ           92%        N/A       1%          1
b - Call Imp              Summ           23%        N/A       1%          2

Your spell library contained the following spells:

 Spells                   Type           Power      Damage    Failure   Level
 Call Canine Familiar     Summ           23%        N/A       3%          3
 Summon Guardian Golem    Hex/Summ       13%        N/A       12%         3
 Summon Ice Beast         Ice/Summ       13%        N/A       36%         4
 Summon Lightning Spire   Summ/Air       13%        N/A       36%         4


Dungeon Overview and Level Annotations

Branches:
Dungeon (1/15)

Altars:


Innate Abilities, Weirdness & Mutations

You have very sharp teeth.
Your uncanny sense of smell can sniff out nearby items.
Your experience applies equally to all skills.


Message History

The frilled lizard dies!
Casting: Summon Small Mammal (safe; 1% risk of failure)
Confirm with . or Enter, or press ? or * to list all spells.
A beastly little devil appears in a puff of flame.
The bat barely misses you. The kobold hits you but does no damage.
You are poisoned.
Your quokka barely misses the bat.
You feel sick. The bat barely misses you.
The kobold hits you with a +2 dagger of venom.
You are lethally poisoned!
The bat hits you but does no damage.
Your quokka closely misses the kobold.
Your crimson imp blinks!
The rat bites you but does no damage.
You feel sick. The bat misses you.
Casting: Call Imp (safe; 1% risk of failure)
Confirm with . or Enter, or press ? or * to list all spells.
A beastly little devil appears in a puff of frigid air.
You feel sick. The bat hits you.
The kobold hits you with a +2 dagger of venom.
You are more poisoned.
Your quokka closely misses the kobold.
You feel sick. The bat closely misses you.
Your quokka bites the kobold but does no damage.
The kobold hits you with a +2 dagger of venom.
* * * LOW HITPOINT WARNING * * *
You are more poisoned.
The rat closely misses you. The bat closely misses you.
Your quokka bites the kobold.
Your white imp closely misses the kobold.
Casting: Call Imp (safe; 1% risk of failure)
Confirm with . or Enter, or press ? or * to list all spells.
* * * LOW HITPOINT WARNING * * *
You feel very sick. The bat hits you but does no damage.
The kobold completely misses you. The rat closely misses you.
Your quokka closely misses the bat.
Your white imp hits the kobold.
The kobold dies!
* * * LOW HITPOINT WARNING * * *
You feel sick. The rat bites you but does no damage. The bat barely misses you.
You die...

............#
#.........#.
...........
.....>....#
....†.....#
[.8....58.#
....5..rb.##
.#####.r...##
##..r.@..## #
#.........#
###∆
+.....)...+
#8#
#.........#
#.#
##.......##
#.###
##.....##
....###
##...##
......# ##'##
......## #.#


You could see a bat (ally target), a rat (ally target), a friendly crimson imp
(summoned), a friendly white imp (summoned) and 2 friendly quokkas.

Vanquished Creatures
  A goblin (D:1)
  A hobgoblin (D:1)
  A ball python (D:1)
  A kobold (D:1)
4 creatures vanquished.

Vanquished Creatures (collateral kills)
  An ooze (D:1)
  A leopard gecko (D:1)
  2 giant cockroaches (D:1)
  A goblin (D:1)
  2 hobgoblins (D:1)
  4 kobolds (D:1)
  2 frilled lizards (D:1)
  A rat (D:1)
14 creatures vanquished.

Grand Total: 18 creatures vanquished

Notes
Turn   | Place    | Note
-------+----------+-------------------------------------------
     0 | D:1      | dolemite99 the Gnoll Summoner began the quest for the Orb.
     0 | D:1      | Reached XP level 1. HP: 13/13 MP: 6/6
  1009 | D:1      | Reached XP level 2. HP: 19/19 MP: 4/7
  1725 | D:1      | Learned a level 2 spell: Call Imp
  2381 | D:1      | HP: 1/20 [poisoned by a kobold]
  2382 | D:1      | Succumbed to a kobold's poison

Illustrated notes

Levels and vault maps discovered:
D:1:      psy_arrival_heroes, layout_loops_corners, st_stairs_1

Action                   || total
-------------------------++-------
Melee: Short sword       ||     4
 Cast: Summon Small Mamm ||    35
       Call Imp          ||     3
 Stab: Distracted        ||     1
Armor: Robe              ||    10
Dodge: Dodged            ||    29

Table legend: (Time is in decaauts)
 A = Elapsed time spent in this place.
 B = Non-inter-level travel time spent in this place.
 C = Inter-level travel time spent in this place.
 D = Time resting spent in this place.
 E = Time spent auto-exploring this place.
 F = Levels seen in this place.
 G = Mean time per level.
                   A        B        C        D        E       F      G
               +--------+--------+--------+--------+--------+-----+--------+
         Total |   2381 |   2381 |      0 |   1621 |    499 |   1 | 2381.0 |
       Dungeon |   2381 |   2381 |      0 |   1621 |    499 |   1 | 2381.0 |
               +--------+--------+--------+--------+--------+-----+--------+

Top non-repeatable levels by time:
     D:1: 2381 daAuts
